Cogmind - Beta 12 X6 @@@ ROGUE MODE // 2023.02.17 @ 19:49:01 Player: leiavoia Result: Destroyed 0b10! Performance ------------- Evolutions (9) 4500 Regions Visited (28) 5600 Robots Destroyed (592) 2960 Value Destroyed (29795) 29795 Prototype IDs (89) 1780 Alien Tech Used (9) 1800 Bonus (23362) 23362 TOTAL SCORE: 69797 Bonus ------- Triggered High Security 500 High Alert Combat Kills 7082 Follower Combat Kills 955 Entered Garrisons 200 Entered DSFs 500 Met Zhirov 300 Met Warlord at Base 500 MAIN.C Attacked Warlord 500 Warlord Defense Kills 220 Used Core Reset Matrix 3000 Met Sigix 2000 Escaped with Sigix 5000 Win 3000 Friendly Fire -395 Cogmind --------- Core Integrity 1040/1600 Matter 249/300 Energy 59/100 System Corruption 0% Temperature Cool (0) Movement Core (250) Ox4 Location Tau Ceti IV Orbit Parts ------- > --- POWER (3) -------- (None) > --- PROPULSION (8) --- Gyrokinetic Inverter Gyrokinetic Inverter Improved Gyrokinetic Inverter Combat Linear Gravjet > --- UTILITY (11) ----- Medium Storage Unit Spectral Analyzer Long-range Sensor Array Advanced Targeting Computer Experimental EM Disruption Field Spacefold Activator > --- WEAPON (3) ------- (None) > --- INVENTORY (10) --- Improved Ion Engine Field Recycling Unit Long-range Proton Cannon Nova Cannon Sigix Containment Pod Peak State ------------ > --- POWER ------------ Particle Reactor Light Quantum Reactor Light Quantum Reactor > --- PROPULSION ------- Gravmag Array Gyrokinetic Inverter Improved Antigrav System Improved Antigrav System Improved Antigrav System Improved Antigrav System Cooled Linear Gravjet > --- UTILITY ---------- Advanced Energy Well Experimental Matter Compressor Spectral Analyzer Experimental Signal Interpreter Long-range Terrain Scanner Advanced Targeting Computer Advanced Transmission Jammer Advanced Reaction Control System Advanced Cloaking Device Antimissile System Spacefold Activator > --- WEAPON ----------- Enhanced Nova Cannon Core Stripper > --- INVENTORY -------- Improved Weapon Cycler Tactical Quantum Warhead Point Singularity Launcher Sigix Containment Pod [Rating: 210] Favorites ----------- Power Heavy Ion Engine Engine Heavy Ion Engine Power Core Fission Core Reactor Vortex Chain Reactor Propulsion Heavy Treads Treads Heavy Treads Leg Flexi-carbon Leg Wheel Armored Wheel Hover Unit Improved Antigrav System Flight Unit Cooled Nuclear Pulse Thruster Utility Huge Storage Unit Device Improved Weapon Cycler Storage Huge Storage Unit Processor Spectral Analyzer Hackware Hacking Suite Protection Improved Medium Armor Plating Artifact Phase Armor Weapon Heavy Gauss Cannon Energy Gun Quantum Rifle Energy Cannon Enhanced Nova Cannon Ballistic Gun Hypervelocity Coil Gun Ballistic Cannon Heavy Gauss Cannon Launcher Heavy Proton Missile Launcher Special Weapon Advanced Remote Datajack Impact Weapon Makeshift Hammer Slashing Weapon Vibroblade Special Melee Weapon Advanced Datajack Build | -11 -10 -10 -9 -9 -9 -8 -8 -8 -7 -7 -6 -5 -5 -5 -5 -5 -5 -4 -4 -4 -4 -4 -3 -3 -3 -3 -2 -1 ------- Run | Jun Mat Min Mat Min Exi Min Mat Sto Fac DSF Fac Fac Gar Fac Upp Upp Zhi Pro Fac Upp Upp War Pro Res Qua Sec Res Acc Slots Evolved 18 | . . . 2 . . . 2 . 2 . 2 2 . . . . . . 2 . . . . 2 . . 2 2 Power 2 | . . . . . . . . . . . . . . . . . . . 1 . . . . . . . . 1 Propulsion 6 | . . . 1 . . . 1 . . . 1 1 . . . . . . . . . . . . . . 1 1 Utility 9 | . . . 1 . . . 1 . 1 . 1 1 . . . . . . 1 . . . . 2 . . 1 . Weapon 1 | . . . . . . . . . 1 . . . . . . . . . . . . . . . . . . . Parts Attached 891 | 1 12 1 44 1 . 3 62 22 1 12 30 19 49 70 13 12 15 17 83 16 9 14 14 49 97 101 52 72 Power 50 | . 1 . 3 . . . 3 1 . 1 1 . 3 3 . . 2 . 6 . . 1 2 3 6 3 6 5 Engine 11 | . 1 . 3 . . . 3 1 . 1 1 . 1 . . . . . . . . . . . . . . . Core 11 | . . . . . . . . . . . . . 2 3 . . 1 . 4 . . . . . . . 1 . Reactor 28 | . . . . . . . . . . . . . . . . . 1 . 2 . . 1 2 3 6 3 5 5 Propulsion 160 | . 2 . 16 . . . 12 9 . 3 6 1 15 14 . . 6 1 16 . . . . 7 2 21 12 17 Treads 78 | . 2 . 9 . . . 11 7 . 3 6 1 9 5 . . 4 1 8 . . . . 7 2 3 . . Leg 30 | . . . . . . . . . . . . . 4 5 . . . . . . . . . . . 9 11 1 Wheel 23 | . . . 5 . . . 1 2 . . . . 2 4 . . . . . . . . . . . 9 . . Hover 19 | . . . 1 . . . . . . . . . . . . . . . 1 . . . . . . . 1 16 Flight 10 | . . . 1 . . . . . . . . . . . . . 2 . 7 . . . . . . . . . Utility 420 | 1 3 . 11 1 . 1 13 3 . 7 10 11 12 35 10 9 6 12 43 8 6 6 7 28 64 57 25 31 Device 290 | 1 . . 2 . . . 1 1 . 2 2 7 6 23 8 6 4 10 30 8 6 3 7 22 54 46 21 20 Storage 23 | . 1 . 2 . . . . . . . . . . 2 . . . . 5 . . 1 . . 2 1 2 7 Processor 12 | . . . . . . . . . . . 5 1 . 1 . . . . 1 . . 1 . 1 1 . 1 . Hackware 9 | . . . . . . . 2 . . . . 2 . . . . . . 4 . . . . 1 . . . . Protection 80 | . 2 . 7 1 . 1 10 2 . 5 3 1 6 9 2 3 2 2 3 . . 1 . 4 6 8 1 1 Artifact 6 | . . . . . . . . . . . . . . . . . . . . . . . . . 1 2 . 3 Weapon 261 | . 6 1 14 . . 2 34 9 1 1 13 7 19 18 3 3 1 4 18 8 3 7 5 11 25 20 9 19 Energy Gun 12 | . 1 . 2 . . . 4 . . . 2 . 1 . . . . . . . . 1 . . . . 1 . Energy Cannon 68 | . . . 5 . . . 12 1 . . 1 2 3 3 . . 1 . 6 1 . 1 1 2 9 7 4 9 Ballistic Gun 44 | . 5 . . . . . 10 5 1 . 3 3 6 6 . . . . 3 . . . . . . . 2 . Ballistic Cannon 74 | . . 1 4 . . 1 . . . 1 3 1 2 5 2 2 . 3 6 5 2 4 2 7 14 8 . 1 Launcher 48 | . . . 3 . . 1 8 3 . . 4 1 6 3 1 . . 1 1 2 1 . 2 1 1 2 2 5 Special Weapon 1 | . . . . . . . . . . . . . . . . . . . . . . . . 1 . . . . Impact Weapon 9 | . . . . . . . . . . . . . . 1 . 1 . . 1 . . . . . 1 1 . 4 Slashing Weapon 2 | . . . . . . . . . . . . . . . . . . . 1 . . 1 . . . . . . Piercing Weapon . | . . . . . . . . . . . . . . . . . . . . . . . . . . . . . Special Melee Weapon 3 | . . . . . . . . . . . . . 1 . . . . . . . . . . . . 2 . . Unidentified Prototypes 65 | . . . 5 . . . 5 . . . . 1 . 2 . 1 6 . 7 . . 7 . 2 16 1 6 6 Corrupted Parts 2 | . . . . . . . . . . . . . . . . . . . . . . . . . . 2 . . System Corruption 6 | . . . . . . . . . . . . . . . . . . . . . . . . . . 6 . . Parts Lost 160 | . 1 . . . . . 12 . . 6 10 4 19 13 4 . . 1 6 . . . 1 8 1 37 9 28 Power 15 | . . . . . . . 1 . . . 1 . 1 1 . . . . 1 . . . 1 1 1 3 . 4 Propulsion 57 | . . . . . . . 5 . . 1 4 1 10 7 . . . 1 . . . . . 1 . 14 3 10 Utility 63 | . . . . . . . 4 . . 4 4 2 4 3 3 . . . 5 . . . . 6 . 15 5 8 Weapon 25 | . 1 . . . . . 2 . . 1 1 1 4 2 1 . . . . . . . . . . 5 1 6 Highest Loss Streak 11 | . 1 . . . . . 8 . . 5 8 2 6 5 4 . . 1 4 . . . 1 2 1 9 4 11 To Critical Strikes . | . . . . . . . . . . . . . . . . . . . . . . . . . . . . . Average Slot Usage (%) 89 | . 100 100 99 100 100 100 99 100 . 96 92 97 95 95 85 81 80 83 83 89 89 86 88 89 77 76 86 85 Engine 3 | . 14 14 10 11 11 11 9 9 . 7 5 5 3 1 . . . . . . . . . . . . . . Core 1 | . . . . . . . . . . . . . 1 3 5 5 5 5 4 5 5 2 . . . . . . Reactor 2 | . . . . . . . . . . . . . . . . . . . 4 5 5 5 9 9 6 4 7 11 Treads 19 | . 23 28 22 22 22 22 29 18 . 15 22 32 25 18 23 23 22 23 4 26 26 26 26 21 14 12 . . Leg 1 | . 4 . . . . . . . . . . . 1 3 . . . . . . . . . . . 2 28 2 Wheel 3 | . . . 10 11 11 11 6 18 . 15 9 . 4 7 . . . . . . . . . . . 1 . . Device 14 | . 2 . 9 11 11 11 8 9 . 7 10 11 10 12 19 13 15 17 17 15 15 14 15 19 19 17 13 21 Storage 6 | . 14 14 11 11 11 11 9 9 . 7 6 5 5 5 5 5 5 5 4 5 5 5 5 4 5 6 8 5 Processor 5 | . . . . . . . . . . . 8 11 11 13 5 5 5 5 3 5 5 7 10 9 9 9 11 10 Protection 8 | . 11 14 12 11 11 11 15 18 . 22 8 8 10 7 5 8 5 5 4 10 10 8 5 4 2 5 2 . Energy Cannon 3 | . . . 9 11 11 11 5 . . . 1 2 4 3 1 . 2 . . . . 2 . 2 4 5 4 4 Ballistic Gun 3 | . 25 19 1 . . . 9 17 . 19 4 2 10 6 . . . . . . . . . . . . 1 . Ballistic Cannon 8 | . . 8 8 11 11 10 . . . . 6 11 . 2 14 15 13 16 1 13 14 10 14 11 8 6 3 . Naked Turns . | . . . . . . . . . . . . . . . . . . . . . . . . . . . . . Heaviest Build 210 | 11 32 33 110 102 102 106 113 116 116 124 120 122 131 130 140 148 146 146 183 185 185 185 179 183 210 200 190 162 Greatest Support 215 | 20 40 40 60 12 12 12 80 60 24 60 140 170 166 194 194 140 194 194 194 190 190 190 190 215 215 200 184 186 Greatest Overweight (x) 17 | . . . 9 8 8 8 9 4 4 5 8 . 8 12 . 1 1 1 1 . . . . . 1 17 1 4 Average Overweight (x) 1 | . . . 7 8 8 8 3 3 4 2 3 . 1 3 . . . . . . . . . . . . . . Largest Inventory Capacity 30 | 8 15 15 25 25 25 25 25 25 25 25 25 25 25 25 25 25 25 25 25 25 25 25 25 25 25 25 25 30 Average Capacity 23 | 8 12 15 24 25 25 25 25 25 25 25 25 25 25 25 25 25 25 25 16 25 25 25 25 25 25 25 25 8 Most Carried 25 | 6 15 15 25 25 25 25 25 25 25 25 25 25 25 25 25 25 25 25 25 25 25 25 25 25 25 25 25 25 Average Carried 22 | 6 8 14 24 24 25 24 24 24 24 23 22 24 24 24 23 24 24 24 13 24 25 24 24 24 24 22 23 7 Final Capacity 25 | 8 15 15 25 25 25 25 25 25 25 25 25 25 25 25 25 25 25 25 25 25 25 25 25 25 25 25 25 10 Final Carried 25 | 6 15 15 25 25 25 25 25 25 24 24 25 25 25 25 25 25 25 25 25 25 25 25 25 25 25 21 25 6 Class Distribution -------------------- 33% | Mutant 12% | Tank 12% | Scavenger-Mutant 7% | Alien-Mutant 6% | Alien-Skirmisher 6% | Gunner 4% | Skirmisher 3% | Scavenger-Tank Dominant Class ---------------- Mutant | -10/Materials Mutant | -10/Mines Mutant | -9/Materials Mutant | -9/Mines Mutant | -9/Exiles Mutant | -8/Mines Scavenger-Mutant | -8/Materials Scavenger-Mutant | -8/Storage Scavenger-Mutant | -7/Factory Mutant | -7/DSF Mutant | -6/Factory Tank | -5/Factory Scavenger-Mutant | -5/Garrison Scavenger-Mutant | -5/Factory Gunner | -5/Upper Caves Gunner | -5/Upper Caves Mutant | -5/Zhirov Gunner | -4/Proximity Caves Sprinter | -4/Factory Tank | -4/Upper Caves Tank | -4/Upper Caves Commander-Assassin | -4/Warlord Skirmisher | -3/Proximity Caves Skirmisher | -3/Research Alien-Skirmisher | -3/Quarantine Alien-Mutant | -3/Section 7 Scavenger-Mutant | -2/Research Alien-Mutant | -1/Access Resources | -11 -10 -10 -9 -9 -9 -8 -8 -8 -7 -7 -6 -5 -5 -5 -5 -5 -5 -4 -4 -4 -4 -4 -3 -3 -3 -3 -2 -1 ----------- Run | Jun Mat Min Mat Min Exi Min Mat Sto Fac DSF Fac Fac Gar Fac Upp Upp Zhi Pro Fac Upp Upp War Pro Res Qua Sec Res Acc Matter Collected 24095 | 226 437 84 954 38 . 171 1299 892 . 459 727 549 1872 1239 599 774 160 1040 1330 942 156 883 400 2937 1359 2382 1304 882 Remotely 4911 | . . . . . . . . . . 94 . 194 191 820 389 . . 396 . 246 . . 125 1167 . 1038 251 . Salvage Created 25192 | 103 764 45 2191 78 . 324 2106 1639 . 532 680 520 1503 1272 504 419 339 456 982 1172 175 32 403 1803 1060 4770 493 827 Parts 1182 | 5 54 5 130 3 . 27 121 86 . 30 38 22 72 55 10 9 5 10 21 43 11 . 31 79 74 177 20 44 Haulers Intercepted 22 | . 2 . 6 . . . 4 2 . . . 1 . 1 . . . . 3 . . . . 2 . . . 1 Recyclers Shooed 15 | . 7 . . . . . 1 . . . . 2 . 2 . . . . . . . . . 2 . 1 . . Parts Field Recycled . | . . . . . . . . . . . . . . . . . . . . . . . . . . . . . Retrieved Matter . | . . . . . . . . . . . . . . . . . . . . . . . . . . . . . Parts Self-Destructed 76 | . . . . . . . . . . . . . . . 5 13 1 11 . 10 8 . 28 . . . . . Prevented 38 | . . . . . . . . . . . . . . . . . . . . 30 2 . 6 . . . . . Kills | -11 -10 -10 -9 -9 -9 -8 -8 -8 -7 -7 -6 -5 -5 -5 -5 -5 -5 -4 -4 -4 -4 -4 -3 -3 -3 -3 -2 -1 ------- Run | Jun Mat Min Mat Min Exi Min Mat Sto Fac DSF Fac Fac Gar Fac Upp Upp Zhi Pro Fac Upp Upp War Pro Res Qua Sec Res Acc Combat Hostiles Destroyed 487 | . 12 3 42 3 . 12 52 31 . 9 12 10 31 28 14 14 . 16 5 20 5 1 11 38 15 77 12 14 Melee 3 | . . . . . . . . . . . . . . . . . . . 1 . . . . . . 1 . 1 Guns 82 | . 9 3 5 . . . 8 19 . 9 5 2 12 10 . . . . . . . . . . . . . . Cannons 244 | . . . 27 3 . 8 18 . . . 5 7 5 11 7 14 . 16 2 6 1 1 6 34 5 58 3 7 AOE 125 | . 3 . 10 . . 3 25 12 . . 2 1 14 7 7 . . . 1 7 4 . 5 4 . 8 6 6 Classes Destroyed 26 | 2 5 . 3 . . 1 3 2 . 1 1 . 2 1 . . . . . . . 1 . . 1 3 . . Worker 25 | . 4 . 5 1 . 1 4 1 . . 1 . . 2 . . . . . . . . . 4 . 2 . . Builder 10 | . . . . . . 2 2 1 . . 1 . . . . . . . . . . . . 2 . 1 . 1 Tunneler 8 | 1 . . 1 . . 1 1 . . . 1 . . 3 . . . . . . . . . . . . . . Hauler 22 | . 2 . 6 . . . 4 2 . . . 1 . 1 . . . . 3 . . . . 2 . . . 1 Recycler 18 | 1 3 . 3 . . . 2 1 . . 1 . . . . . . . 1 . . . . 2 . 2 . 2 Carrier 1 | . . . . . . . . . . . . . . . . . . . . . . . . . . 1 . . Mechanic 6 | . . . . . . . . 3 . . . . . . . . . . 1 . . . . . . 2 . . Operator 7 | . . . 2 . . . . 1 . . . . . . . . . . 1 . . . . . . 1 2 . Watcher 21 | . 1 . 5 . . . 3 1 . . . . . . . . . . 7 . . . . . 1 2 1 . Swarmer 91 | . 6 3 8 2 . 7 16 . . . . . 11 4 1 1 . 1 . 6 4 . 9 . . . 5 7 Cutter 3 | . . . . . . . . . . . . . 3 . . . . . . . . . . . . . . . Saboteur 4 | . . . . . . . . . . . . . . 1 . . . . . . . . . . . 2 . 1 Grunt 187 | . 6 . 22 1 . 5 24 20 . 4 5 4 9 13 6 5 . 5 1 10 . . . 12 . 35 . . Brawler 13 | . . . 2 . . . . 2 . . . . . . 1 2 . 2 . . . . . . . 4 . . Duelist 14 | . . . . . . . . 2 . 1 1 . . 3 4 1 . 1 . . . . . . . 1 . . Protector 3 | . . . . . . . 1 1 . . . . . . . . . . . . . . . . . 1 . . Sentry 47 | . . . 10 . . . 9 6 . . 1 1 6 . 2 1 . 1 1 2 1 . . 3 . 2 1 . Specialist 5 | . . . . . . . . . . 3 . 2 . . . . . . . . . . . . . . . . Hunter 31 | . . . . . . . 1 . . . 2 . 1 1 . 2 . 4 . 2 . . . 8 . 8 2 . Programmer 60 | . . . . . . . . . . . 3 3 . 6 . 2 . 2 3 . . . 2 15 . 18 . 6 Heavy 2 | . . . . . . . 1 . . 1 . . . . . . . . . . . . . . . . . . Behemoth 2 | . . . . . . . . . . . . . 1 . . . . . . . . . . . . 1 . . Quarantine Guard 11 | . . . . . . . . . . . . . . . . . . . . . . . . . 11 . . . S7 Guard 2 | . . . . . . . . . . . . . . . . . . . . . . . . . . 2 . . Lightning 3 | . . . . . . . . . . . . . . . . . . . . . . . . . 3 . . . Striker 3 | . . . . . . . . . . . . . . . . . . . . . . 1 . . . . 2 . Executioner 4 | . . . . . . . . . . . . . . . . . . . . . . . . . . 2 2 . Alpha 7 1 | . . . . . . . . . . . . . . . . . . . . . . . . . . 1 . . Fortress 1 | . . . . . . . . . . . . . . . . . . . . . . . . . 1 . . . Best Kill Streak 21 | 2 11 3 6 1 . 4 12 21 . 5 8 5 6 6 13 6 . 6 2 7 4 1 4 9 2 15 10 5 Combat Bots Only 14 | . 8 3 5 1 . 4 9 12 . 5 7 5 6 6 13 6 . 6 1 7 4 1 4 7 2 14 9 5 Max Kills in Single Turn 9 | 1 4 1 3 1 . 3 4 9 . 1 2 1 3 4 3 2 . 2 1 3 3 1 2 2 1 3 2 2 Gunslinging . | . . . . . . . . . . . . . . . . . . . . . . . . . . . . . Exploded 5 | . 3 . 3 . . 2 4 5 . . 1 1 3 4 3 . . . 1 3 3 . 2 2 . 2 2 2 Melee 1 | . . . . . . . . . . . . . . . . . . . 1 . . . . . . 1 . 1 Uniques/NPCs Destroyed . | . . . . . . . . . . . . . . . . . . . . . . . . . . . . . Combat | -11 -10 -10 -9 -9 -9 -8 -8 -8 -7 -7 -6 -5 -5 -5 -5 -5 -5 -4 -4 -4 -4 -4 -3 -3 -3 -3 -2 -1 -------- Run | Jun Mat Min Mat Min Exi Min Mat Sto Fac DSF Fac Fac Gar Fac Upp Upp Zhi Pro Fac Upp Upp War Pro Res Qua Sec Res Acc Damage Taken 41989 | . 455 85 1272 . . 458 3178 967 . 1112 1898 1099 3279 2162 1029 1226 . 1619 1187 600 28 37 207 3446 1490 9494 2426 3235 Core 3508 | . 85 10 127 . . 45 192 112 . 85 65 74 176 244 104 . . 52 257 . . . . 224 89 772 235 560 Absorbed by Shields 4808 | . . . . . . . . . . . . 274 127 345 76 . . . . 392 31 35 198 1254 310 1580 186 . Reduced by Siege Mode 1291 | . . . . . . . . . . . . . . . 88 48 . 146 . 13 2 3 3 97 114 777 . . Redirected to Shielding 112 | . . . . . . . . . . . . . . . . . . . 66 . . . . . . 46 . . Regen/Repaired (Parts) 849 | . . . 310 . . . . . . . . . . . . . . . 418 . . 114 . . 7 . . . Core Remaining (%) 64 | 100 . 62 . . . 57 . 44 . 87 92 . . . . . . 35 . . . . 77 . . 9 83 65 Volleys Fired 1628 | 8 62 8 121 7 . 31 164 82 . 33 64 45 144 84 23 31 14 46 24 56 10 17 21 122 71 213 44 83 Largest 3 | 2 2 2 2 2 . 2 2 2 . 3 3 3 3 3 3 3 1 3 3 3 3 3 3 3 3 3 3 3 Hottest 327 | 40 60 40 136 103 . 103 131 75 . 75 220 178 219 217 204 171 90 204 212 193 198 188 192 247 301 310 327 303 Shots Fired 3306 | 16 124 16 234 14 . 59 299 156 . 91 150 105 291 192 52 92 14 135 33 81 20 31 41 301 109 487 59 104 Gun 963 | 16 124 16 59 . . . 138 140 . 91 72 33 182 92 . . . . . . . . . . . . . . Cannon 2194 | . . . 170 14 . 56 140 2 . . 68 69 98 96 46 92 14 133 30 48 17 31 33 296 109 481 55 96 Launcher 148 | . . . 5 . . 3 21 14 . . 10 3 11 4 6 . . 2 3 33 3 . 8 4 . 6 4 8 Special 1 | . . . . . . . . . . . . . . . . . . . . . . . . 1 . . . . Kinetic 2080 | 16 101 16 121 7 . 28 137 140 . 91 89 82 183 140 37 92 . 131 20 46 17 21 31 257 54 209 8 6 Thermal 935 | . . . 79 7 . 28 118 2 . . 51 20 97 48 9 . 14 2 10 2 . 10 2 39 17 264 26 90 Explosive 99 | . . . 5 . . 3 21 14 . . 10 3 11 4 6 . . . . . . . . 4 . 6 4 8 Electromagnetic 191 | . 23 . 29 . . . 23 . . . . . . . . . . 2 3 33 3 . 8 . 38 8 21 . Robot Hit Streak 37 | 9 11 3 18 2 . 9 28 12 . 13 25 11 21 23 22 18 6 29 5 16 9 10 5 21 17 37 16 12 Robot Miss Streak 6 | 4 3 6 6 2 . 5 3 3 . 3 3 2 4 3 1 1 1 2 2 3 . 1 2 3 1 3 2 2 Penetration Max 1 | . . . . . . . . . . . . 1 1 1 . 1 . 1 . 1 . . . 1 1 1 . . Secondary Targets 14 | . 1 2 . . . . . 3 . 5 2 . 1 . . . . . . . . . . . . . . . Max Gunslinging Chain 1 | . 1 1 . . . . . 1 . 1 1 . 1 . . . . . . . . . . . . . . . Capacitor 20 | . . . . . . . . . . . . . . . . . . . . . . . . . . . 20 . Shots Hit Robots 2073 | 10 83 6 158 6 . 29 209 112 . 65 95 71 165 106 37 65 12 86 34 42 5 17 16 205 73 305 35 26 Core Hits 1048 | 4 40 4 74 4 . 18 110 78 . 22 39 30 88 51 43 31 6 34 13 36 7 6 19 90 23 141 19 18 Critical Kills 39 | . . . 1 . . 1 . 2 . 1 . 1 12 1 . . . . 3 5 1 . . 1 2 8 . . Critical Parts Destroyed 54 | . . . . . . . . . . . 2 8 24 2 . . . . 3 7 . 4 . . 4 . . . Critical Strikes 214 | . . . 3 1 . 2 1 2 . 1 4 14 40 4 . 6 . 14 7 16 2 5 5 48 15 23 1 . Burn 1 | . . . . . . . 1 . . . . . . . . . . . . . . . . . . . . . Meltdown 13 | . . . 1 . . 1 . . . . . . . . . . . . 1 . . . . 1 1 8 . . Destroy 86 | . . . . . . . . 2 . 1 3 12 40 3 . . . . . 15 1 4 . . 5 . . . Blast 109 | . . . 2 1 . 1 . . . . 1 2 . 1 . 6 . 14 1 1 1 1 5 47 9 15 1 . Smash 5 | . . . . . . . . . . . . . . . . . . . 5 . . . . . . . . . Melee Attacks 108 | . . . . . . . . . . . . . 2 . . 1 . . 97 . . 1 . . 1 5 . 1 Kinetic 6 | . . . . . . . . . . . . . . . . . . . . . . . . . 1 4 . 1 Impact 81 | . . . . . . . . . . . . . . . . 1 . . 80 . . . . . . . . . Slashing 18 | . . . . . . . . . . . . . . . . . . . 17 . . 1 . . . . . . Piercing . | . . . . . . . . . . . . . . . . . . . . . . . . . . . . . Sneak Attacks 8 | . . . . . . . . . . . . . 2 . . . . . 6 . . . . . . . . . Combat Hostiles . | . . . . . . . . . . . . . . . . . . . . . . . . . . . . . Follow-up Attacks . | . . . . . . . . . . . . . . . . . . . . . . . . . . . . . Damage Inflicted 77468 | 80 985 95 3789 117 . 886 6196 3592 . 1194 2623 2050 3529 3749 2163 2263 460 3335 2464 2456 234 500 1250 8808 2350 15556 3460 3284 Guns 10668 | 80 833 92 785 . . . 1582 1923 . 1194 1289 224 1025 1641 . . . . . . . . . . . . . . Cannons 46902 | . . . 2325 117 . 592 2451 25 . . 818 1343 1394 1497 1130 2263 460 3232 408 813 74 500 608 7888 2350 13669 1535 1410 Explosions 17748 | . 125 . 679 . . 294 2159 1604 . . 516 469 1096 597 1033 . . 103 239 1643 160 . 642 906 . 1738 1925 1820 Melee 1901 | . . . . . . . . . . . . . . . . . . . 1717 . . . . . . 130 . 54 Ramming 249 | . 27 3 . . . . 4 40 . . . 14 14 14 . . . . 100 . . . . 14 . 19 . . Kinetic 36402 | 80 657 92 1403 74 . 213 1599 1923 . 1194 1068 1067 1007 2518 829 2263 . 3168 245 813 74 500 608 6982 1193 6577 40 215 Thermal 19219 | . 125 . 1360 43 . 411 1824 25 . . 1039 570 1479 869 301 . 460 64 227 40 . . 237 906 44 6923 1023 1249 Explosive 14342 | . . . 603 . . 262 2159 1604 . . 516 399 1029 348 1033 . . . . . . . . 906 . 1738 1925 1820 Electromagnetic 5539 | . 176 . 423 . . . 610 . . . . . . . . . . 103 175 1603 160 . 405 . 1113 299 472 . Impact 1251 | . . . . . . . . . . . . . . . . . . . 1251 . . . . . . . . . Slashing 466 | . . . . . . . . . . . . . . . . . . . 466 . . . . . . . . . Piercing . | . . . . . . . . . . . . . . . . . . . . . . . . . . . . . Highest Corruption 26 | . . . . . . . 2 4 . . 1 4 4 4 4 3 . 1 3 . . . . 15 15 26 . 7 Average Corruption 4 | . . . . . . . 2 2 . . 1 2 4 3 1 1 . 1 2 . . . . 9 15 8 . 5 Corruption Purged 24 | . . . . . . . . . . . . . . 4 4 3 . . 5 . . . . . . . . 8 Corruption Blocked 6 | . . . . . . . . . . . . . . . . . . . 5 . . . . . . . 1 . Effects 241 | . . . . . . . 9 12 . . 6 4 54 13 1 3 . 3 4 . . . . 42 2 67 . 21 Message Errors 52 | . . . . . . . . 3 . . 2 . 13 2 . 1 . 1 1 . . . . 8 1 14 . 6 Matter Fused 46 | . . . . . . . 1 2 . . 1 . 8 4 . . . . 1 . . . . 9 1 16 . 3 Heat Flow Errors 41 | . . . . . . . 2 3 . . 2 2 11 6 . 1 . . 1 . . . . 5 . 7 . 1 Energy Discharges 21 | . . . . . . . 3 1 . . . 2 4 . . . . . . . . . . 4 . 5 . 2 Parts Rejected 8 | . . . . . . . . . . . . . 1 . . . . . . . . . . 1 . 5 . 1 Data Loss (minor) 27 | . . . . . . . 2 1 . . 1 . 7 1 . . . 1 1 . . . . 4 . 5 . 4 Data Loss (major) 11 | . . . . . . . 1 . . . . . 4 . . . . . . . . . . . . 4 . 2 Misfires 16 | . . . . . . . . 1 . . . . 4 . 1 . . 1 . . . . . 3 . 5 . 1 Alerts 4 | . . . . . . . . . . . . . 1 . . . . . . . . . . 2 . 1 . . Misdirections 2 | . . . . . . . . . . . . . . . . . . . . . . . . . . 2 . . Weapon Failures 13 | . . . . . . . . 1 . . . . 1 . . 1 . . . . . . . 6 . 3 . 1 Overload Shots . | . . . . . . . . . . . . . . . . . . . . . . . . . . . . . Overflow Damage 2597 | . . . 89 . . 32 66 . . . 31 60 7 106 40 41 15 109 628 . . . 49 336 17 554 209 208 Projectiles 1452 | . . . 12 . . . 20 . . . 31 40 1 36 40 41 15 109 4 . . . 43 314 17 496 67 166 Explosions 521 | . . . 77 . . 32 46 . . . . 20 6 70 . . . . . . . . 6 22 . 58 142 42 Melee 624 | . . . . . . . . . . . . . . . . . . . 624 . . . . . . . . . Knockbacks 220 | . . . 11 2 . 4 9 . . . 7 3 1 6 1 17 . 24 8 5 . 5 1 70 2 43 . 1 Impact 3 | . . . . . . . . . . . . . . . . . . . 3 . . . . . . . . . Kinetic 204 | . . . 11 2 . 4 9 . . . 7 3 1 6 1 16 . 23 4 5 . 5 1 66 2 37 . 1 Secondary 13 | . . . . . . . . . . . . . . . . 1 . 1 1 . . . . 4 . 6 . . Self-Inflicted Damage 881 | . 28 . 51 . . . 53 15 . . . 25 116 . . . . . 100 155 . . 87 . . 90 108 53 Shots 21 | . 1 . 2 . . . 3 . . . . 1 4 . . . . . . 4 . . 2 . . 1 2 1 Rammed 13 | . 3 1 . . . . 1 2 . . . 1 1 . . . . . . . . . . 3 . 1 . . Targets Rammed 22 | . 8 1 . . . . 2 2 . . . 1 1 1 . . . . . . . . . 3 . 3 . . Kicked 5 | . 3 . . . . . . . . . . . . . . . . . . . . . . . . 2 . . Crushed 4 | . 2 . . . . . 1 . . . . . . 1 . . . . . . . . . . . . . . Highest Temperature 441 | . 120 . 282 . . 76 261 249 . 144 382 403 311 441 267 300 34 81 361 200 181 . 118 275 326 279 181 178 Average Temperature 87 | . 26 . 64 . . 23 53 32 . 55 110 167 77 106 83 123 23 31 82 55 68 . 53 63 82 108 116 106 Received Heat Transfer 6785 | . 189 . 555 . . 234 1143 477 . 216 378 108 379 495 372 180 . 111 123 90 . . . 265 12 1314 108 36 Effects 17 | . . . 1 . . . . . . . . 8 . 4 . . . . 3 . . . . . . 1 . . Shutdowns 3 | . . . . . . . . . . . . 2 . 1 . . . . . . . . . . . . . . Energy Bleed 2 | . . . . . . . . . . . . 1 . . . . . . . . . . . . . 1 . . Interference 11 | . . . 1 . . . . . . . . 5 . 3 . . . . 2 . . . . . . . . . Matter Decay 1 | . . . . . . . . . . . . . . . . . . . 1 . . . . . . . . . Siege Activations 74 | . . . . . . . . . . . . . . . 2 6 . 6 . 6 2 1 3 9 18 21 . . Total Turns 2414 | . . . . . . . . . . . . . . . 534 273 . 234 . 173 117 29 44 245 346 419 . . Longest Duration 496 | . . . . . . . . . . . . . . . 496 201 . 127 . 82 107 29 18 53 187 48 . . Robots Corrupted 20 | . . . . . . . 1 . . . . . . . . . . . . 7 . . . . 8 1 3 . Combat Hostiles 20 | . . . . . . . 1 . . . . . . . . . . . . 7 . . . . 8 1 3 . Parts Fried 64 | . . . 4 . . . 4 . . . . . . . . . . . 16 13 . . 1 . 17 2 7 . Impact Corruptions 22 | . . . . . . . . . . . . . . . . . . . 21 . . . . 1 . . . . Robots Melted 13 | . . . 1 . . 1 . . . . . . . . . . . . 1 . . . . 1 1 8 . . Combat Hostiles 11 | . . . . . . 1 . . . . . . . . . . . . 1 . . . . . 1 8 . . Parts Melted 32 | . . . 2 . . 2 1 . . . . 1 . . . . . . . . . 1 . 1 1 17 2 4 Heat Transferred 18179 | . 150 . 2196 74 . 716 3219 37 . . 1369 450 74 459 . . 536 100 150 100 . . 150 851 37 6031 629 851 Parts Sabotaged 4 | . . . . . . . . . . . . . . 2 . . . . . . . . . . . 1 . 1 Parts Stolen . | . . . . . . . . . . . . . . . . . . . . . . . . . . . . . Parts Stripped . | . . . . . . . . . . . . . . . . . . . . . . . . . . . . . Power Chain Reactions 11 | . 1 . 2 . . . . . . . . 1 1 . . . . . 2 2 . . 2 . . . . . Missiles Intercepted . | . . . . . . . . . . . . . . . . . . . . . . . . . . . . . Alert | -11 -10 -10 -9 -9 -9 -8 -8 -8 -7 -7 -6 -5 -5 -5 -5 -5 -5 -4 -4 -4 -4 -4 -3 -3 -3 -3 -2 -1 ------- Run | Jun Mat Min Mat Min Exi Min Mat Sto Fac DSF Fac Fac Gar Fac Upp Upp Zhi Pro Fac Upp Upp War Pro Res Qua Sec Res Acc Peak Influence 1827 | 10 313 96 665 296 . 144 1267 1226 557 543 497 190 1398 1374 . . . . 535 . . . . 1003 621 1827 1315 1728 Initial 1100 | . 6 26 . 230 . . 19 515 557 393 284 123 95 733 . . . . 50 . . . . . 564 117 1100 724 Average 436 | 6 143 36 357 168 . 36 542 851 557 487 279 112 825 974 . . . . 265 . . . . 280 137 833 1087 1112 Maximum Alert Level 5 | . 1 . 2 1 . . 4 4 2 2 2 . 4 4 . . . . 2 . . . . 3 2 5 4 5 Low Security (%) 45 | 100 74 100 36 59 . 100 17 . . . 3 100 7 . . . . . 31 . . . . 61 89 26 . . Level 1 15 | . 25 . 16 40 . . 36 . . 5 91 . 3 . . . . . 54 . . . . 7 5 1 . . Level 2 13 | . . . 46 . . . 11 36 100 94 4 . 21 6 . . . . 13 . . . . 24 5 12 . . Level 3 14 | . . . . . . . 17 54 . . . . 45 58 . . . . . . . . . 7 . 30 43 59 Level 4 8 | . . . . . . . 16 9 . . . . 21 35 . . . . . . . . . . . 14 56 22 Level 5 1 | . . . . . . . . . . . . . . . . . . . . . . . . . . 5 . 17 High Security . | . . . . . . . . . . . . . . . . . . . . . . . . . . 7 . . Max Security . | . . . . . . . . . . . . . . . . . . . . . . . . . . . . . Sterilizations 2 | . . . . . . . 1 . . 1 . . . . . . . . . . . . . . . . . . Squads Dispatched 115 | . 2 . 6 . . 1 12 5 . 2 3 5 . 12 . 1 . . 12 . . . . 14 1 28 2 9 Investigation 16 | . . . 3 . . . 3 1 . . . 3 . 1 . . . . 2 . . . . . 1 1 . 1 Extermination 24 | . . . . . . . . . . . 3 1 . 3 . . . . 5 . . . . 4 . 7 . 1 Reinforcement 38 | . 2 . 3 . . 1 5 1 . 2 . 1 . 4 . . . . 5 . . . . 6 . 5 2 1 Assault 31 | . . . . . . . 1 3 . . . . . 4 . 1 . . . . . . . 1 . 15 . 6 Garrison 6 | . . . . . . . 3 . . . . . . . . . . . . . . . . 3 . . . . Intercept . | . . . . . . . . . . . . . . . . . . . . . . . . . . . . . Searches Triggered 2 | . . . . . . . . . . . . . . . . . . . 2 . . . . . . . . . Construction Impeded 9 | . . . . . . 1 1 1 . . . . . 1 . . . . . . . . . 2 . 3 . . Haulers Reinforced 6 | . . . . . . . . . . . . . . . . . . . 2 . . . . 3 . 1 . . Active Scanning Responses . | . . . . . . . . . . . . . . . . . . . . . . . . . . . . . Cargo Convoy Interrupts . | . . . . . . . . . . . . . . . . . . . . . . . . . . . . . Stealth | -11 -10 -10 -9 -9 -9 -8 -8 -8 -7 -7 -6 -5 -5 -5 -5 -5 -5 -4 -4 -4 -4 -4 -3 -3 -3 -3 -2 -1 --------- Run | Jun Mat Min Mat Min Exi Min Mat Sto Fac DSF Fac Fac Gar Fac Upp Upp Zhi Pro Fac Upp Upp War Pro Res Qua Sec Res Acc Distress Signals 36 | . 2 . 4 . . . 6 1 . . 1 . . 1 . . . . 4 . . 1 . 1 . 2 12 1 Communications Jammed 39 | . . . . . . . . . . . . . . . . . . . . . . . . . . . 30 9 Distress Signals 39 | . . . . . . . . . . . . . . . . . . . . . . . . . . . 30 9 Times Spotted 752 | . 24 3 58 8 . 12 77 37 . 9 15 10 44 42 13 16 . 17 57 19 4 11 15 53 16 110 31 51 Peak Tracking Total 12 | . 5 3 6 3 . 3 7 11 . 4 4 5 8 6 8 12 . 7 7 5 4 9 4 7 3 8 9 6 Tactical Retreats 69 | . 1 . . 1 . . 2 . . . 2 . 9 5 1 3 . 3 15 2 . . 1 5 1 6 2 10 Traps | -11 -10 -10 -9 -9 -9 -8 -8 -8 -7 -7 -6 -5 -5 -5 -5 -5 -5 -4 -4 -4 -4 -4 -3 -3 -3 -3 -2 -1 ------- Run | Jun Mat Min Mat Min Exi Min Mat Sto Fac DSF Fac Fac Gar Fac Upp Upp Zhi Pro Fac Upp Upp War Pro Res Qua Sec Res Acc Traps Triggered 19 | . . . 2 . . . 1 1 . 2 . . 10 . . . . . . . . . . 1 1 . . 1 Indirectly . | . . . . . . . . . . . . . . . . . . . . . . . . . . . . . Trap Hack Attempts . | . . . . . . . . . . . . . . . . . . . . . . . . . . . . . Triggered . | . . . . . . . . . . . . . . . . . . . . . . . . . . . . . Disarmed . | . . . . . . . . . . . . . . . . . . . . . . . . . . . . . Reprogrammed . | . . . . . . . . . . . . . . . . . . . . . . . . . . . . . Reused . | . . . . . . . . . . . . . . . . . . . . . . . . . . . . . Traps Extracted . | . . . . . . . . . . . . . . . . . . . . . . . . . . . . . Installed 2 | . . 2 . . . . . . . . . . . . . . . . . . . . . . . . . . Triggered 10 | . . . . . . . 1 . . . . . . . . . . . . . . 9 . . . . . . Machines | -11 -10 -10 -9 -9 -9 -8 -8 -8 -7 -7 -6 -5 -5 -5 -5 -5 -5 -4 -4 -4 -4 -4 -3 -3 -3 -3 -2 -1 ---------- Run | Jun Mat Min Mat Min Exi Min Mat Sto Fac DSF Fac Fac Gar Fac Upp Upp Zhi Pro Fac Upp Upp War Pro Res Qua Sec Res Acc Machines Disabled 82 | . 1 . 8 1 . 2 8 5 . . 4 1 1 8 1 1 1 . 6 8 . 1 . 2 6 12 . 5 Max in Single Turn 6 | . 1 . 2 . . 1 1 2 . . 3 1 . 3 1 1 1 . 5 6 . 1 . . 1 1 . 1 Garrison Access 6 | . . . . . . . 1 . . . . . . . . . . . 1 . . . . . . . 2 2 Energy Cycler 1 | . . . . . . . . . . . . . . . . . . . . . . . . . . . . 1 Machines Repaired . | . . . . . . . . . . . . . . . . . . . . . . . . . . . . . Machines Sabotaged . | . . . . . . . . . . . . . . . . . . . . . . . . . . . . . Overloaded Fab Kills . | . . . . . . . . . . . . . . . . . . . . . . . . . . . . . Hacking | -11 -10 -10 -9 -9 -9 -8 -8 -8 -7 -7 -6 -5 -5 -5 -5 -5 -5 -4 -4 -4 -4 -4 -3 -3 -3 -3 -2 -1 --------- Run | Jun Mat Min Mat Min Exi Min Mat Sto Fac DSF Fac Fac Gar Fac Upp Upp Zhi Pro Fac Upp Upp War Pro Res Qua Sec Res Acc Machines Accessed 108 | . 7 . 11 . 1 . 8 4 1 . 3 6 3 4 1 1 4 . 19 2 . 6 . 5 12 6 1 3 Terminals 60 | . 4 . 7 . . . 6 4 1 . 1 1 3 3 . . . . 10 1 . . . 4 8 6 . 1 Fabricators 5 | . . . . . . . . . . . 1 2 . 1 . . . . 1 . . . . . . . . . Repair Stations 5 | . 1 . 2 . . . . . . . . . . . . . . . 1 . . . . . 1 . . . Recycling Units 13 | . 2 . 2 . . . 1 . . . 1 2 . . . . . . 4 . . . . 1 . . . . Scanalyzers 5 | . . . . . . . 1 . . . . . . . . . . . 1 . . . . . 3 . . . Garrison Access 6 | . . . . . . . . . . . . 1 . . . . . . 2 . . . . . . . 1 2 Total Hacks 295 | . 22 . 33 . 1 . 32 11 1 . 5 13 5 16 1 1 17 . 63 4 . 19 . 9 26 11 1 4 Successful 155 | . 9 . 21 . 1 . 21 4 1 . 1 3 1 5 1 1 17 . 30 4 . 19 . 1 13 1 1 . Failed 138 | . 12 . 11 . . . 11 7 . . 4 10 4 11 . . . . 33 . . . . 8 13 10 . 4 Catastrophic 26 | . . . 1 . . . 2 1 . . 1 2 . 3 . . . . 5 . . . . 3 5 3 . . Database Lockouts 2 | . 1 . 1 . . . . . . . . . . . . . . . . . . . . . . . . . Manual 97 | . 10 . 13 . . . 13 3 . . . . . 5 . . . . 39 . . . . 2 8 4 . . Terminals 154 | . 16 . 20 . . . 17 11 1 . 2 2 5 11 . . . . 34 3 . . . 7 12 11 . 2 Fabricators 17 | . . . . . . . . . . . 2 4 . 5 . . . . 6 . . . . . . . . . Repair Stations 15 | . 2 . 9 . . . . . . . . . . . . . . . 2 . . . . . 2 . . . Recycling Units 32 | . 4 . 4 . . . 3 . . . 1 4 . . . . . . 14 . . . . 2 . . . . Scanalyzers 27 | . . . . . . . 12 . . . . . . . . . . . 3 . . . . . 12 . . . Garrison Access 10 | . . . . . . . . . . . . 3 . . . . . . 4 . . . . . . . 1 2 Terminal Hacks 84 | . 6 . 8 . 1 . 6 4 1 . . . 1 3 1 1 17 . 6 4 . 19 . 1 4 1 . . Record 20 | . . . . . 1 . . . . . . . . . . 1 5 . . 3 . 9 . . 1 . . . Part Schematic 5 | . . . . . . . . 1 . . . . . . . . 4 . . . . . . . . . . . Robot Analysis 15 | . 5 . 2 . . . 3 . . . . . . . . . 4 . 1 . . . . . . . . . Prototype ID Bank 14 | . . . . . . . . . . . . . . 1 . . 4 . . . . 9 . . . . . . Open Door 6 | . . . . . . . . 2 . . . . . . 1 . . . . 1 . 1 . . 1 . . . Open DSF 1 | . . . . . . . . . 1 . . . . . . . . . . . . . . . . . . . Level Access Points 1 | . . . . . . . . . . . . . . . . . . . . . . . . . . 1 . . Branch Access Points 5 | . . . 1 . . . 1 . . . . . . 1 . . . . 1 . . . . 1 . . . . Emergency Access Points 1 | . . . . . . . . . . . . . 1 . . . . . . . . . . . . . . . Alert Level 1 | . . . . . . . . . . . . . . . . . . . 1 . . . . . . . . . Unreport Threat 9 | . . . 2 . . . 1 1 . . . . . . . . . . 3 . . . . . 2 . . . Locate Traps 3 | . 1 . 1 . . . 1 . . . . . . . . . . . . . . . . . . . . . Hauler Manifests 1 | . . . . . . . . . . . . . . 1 . . . . . . . . . . . . . . Registered Components 1 | . . . 1 . . . . . . . . . . . . . . . . . . . . . . . . . Zone Layout 1 | . . . 1 . . . . . . . . . . . . . . . . . . . . . . . . . Fabricator Hacks 6 | . . . . . . . . . . . 1 2 . 1 . . . . 2 . . . . . . . . . Network Status 1 | . . . . . . . . . . . . . . 1 . . . . . . . . . . . . . . Load Schematic 2 | . . . . . . . . . . . . 1 . . . . . . 1 . . . . . . . . . Build 3 | . . . . . . . . . . . 1 1 . . . . . . 1 . . . . . . . . . Repair Station Hacks 14 | . 1 . 9 . . . . . . . . . . . . . . . 2 . . . . . 2 . . . Scan Component 8 | . 1 . 5 . . . . . . . . . . . . . . . 1 . . . . . 1 . . . Repair 6 | . . . 4 . . . . . . . . . . . . . . . 1 . . . . . 1 . . . Recycling Unit Hacks 5 | . 2 . 1 . . . 1 . . . . . . . . . . . 1 . . . . . . . . . Retrieve Components 5 | . 2 . 1 . . . 1 . . . . . . . . . . . 1 . . . . . . . . . Scanalyzer 21 | . . . . . . . 12 . . . . . . . . . . . 3 . . . . . 6 . . . Insert Component 14 | . . . . . . . 6 . . . . . . . . . . . 2 . . . . . 6 . . . Analyze 7 | . . . . . . . 6 . . . . . . . . . . . 1 . . . . . . . . . Garrison Access Hacks 3 | . . . . . . . . . . . . 1 . . . . . . 1 . . . . . . . 1 . Unlock Access 1 | . . . . . . . . . . . . 1 . . . . . . . . . . . . . . . . Seal Access 2 | . . . . . . . . . . . . . . . . . . . 1 . . . . . . . 1 . Unauthorized Hacks 22 | . . . 3 . . . 2 . . . . . . 1 . . . . 15 . . . . . 1 . . . Terminals 12 | . . . 3 . . . . . . . . . . 1 . . . . 7 . . . . . 1 . . . Assimilate 2 | . . . . . . . . . . . . . . . . . . . 2 . . . . . . . . . Botnet 8 | . . . 1 . . . . . . . . . . 1 . . . . 5 . . . . . 1 . . . Disrupt 2 | . . . 2 . . . . . . . . . . . . . . . . . . . . . . . . . Fabricators 2 | . . . . . . . . . . . . . . . . . . . 2 . . . . . . . . . Prioritize 1 | . . . . . . . . . . . . . . . . . . . 1 . . . . . . . . . Haulers 1 | . . . . . . . . . . . . . . . . . . . 1 . . . . . . . . . Repair Stations . | . . . . . . . . . . . . . . . . . . . . . . . . . . . . . Recycling Units 8 | . . . . . . . 2 . . . . . . . . . . . 6 . . . . . . . . . Reject 3 | . . . . . . . 1 . . . . . . . . . . . 2 . . . . . . . . . Recyclers 1 | . . . . . . . . . . . . . . . . . . . 1 . . . . . . . . . Mask 4 | . . . . . . . 1 . . . . . . . . . . . 3 . . . . . . . . . Scanalyzers . | . . . . . . . . . . . . . . . . . . . . . . . . . . . . . Garrison Access . | . . . . . . . . . . . . . . . . . . . . . . . . . . . . . Data Cores Recovered 1 | . . . . . . . . . . . . . . . . . . . . . . . . . . 1 . . Used . | . . . . . . . . . . . . . . . . . . . . . . . . . . . . . Hacking Detections 79 | . 6 . 8 . . . 7 3 . . 3 6 2 4 . . . . 16 1 . . . 5 9 6 . 3 Full Trace Events 13 | . . . 1 . . . 2 1 . . . 3 . 1 . . . . 2 1 . . . . 1 1 . . Feedback Events 2 | . . . . . . . . . . . . 1 . . . . . . 1 . . . . . . . . . Hackware Fried 2 | . . . . . . . . . . . . 1 . . . . . . 1 . . . . . . . . . Feedback Blocked . | . . . . . . . . . . . . . . . . . . . . . . . . . . . . . Robot Schematics Acquired . | . . . . . . . . . . . . . . . . . . . . . . . . . . . . . Robots Built . | . . . . . . . . . . . . . . . . . . . . . . . . . . . . . Authchips . | . . . . . . . . . . . . . . . . . . . . . . . . . . . . . Time . | . . . . . . . . . . . . . . . . . . . . . . . . . . . . . Total Robot Build Rating . | . . . . . . . . . . . . . . . . . . . . . . . . . . . . . Part Schematics Acquired 12 | . . . . . . . 6 1 . . . . . . . . 4 . 1 . . . . . . . . . Parts Built 4 | . . . . . . . . . . . 2 1 . . . . . . 1 . . . . . . . . . Authchips 1 | . . . . . . . . . . . . . . . . . . . 1 . . . . . . . . . Time 282 | . . . . . . . . . . . 58 20 . . . . . . 204 . . . . . . . . . Total Part Build Rating 24 | . . . . . . . . . . . 14 2 . . . . . . 8 . . . . . . . . . Parts Repaired 6 | . . . 4 . . . . . . . . . . . . . . . 1 . . . . . 1 . . . Time 200 | . . . 135 . . . . . . . . . . . . . . . 26 . . . . . 39 . . . Parts Recycled . | . . . . . . . . . . . . . . . . . . . . . . . . . . . . . Recycled Matter . | . . . . . . . . . . . . . . . . . . . . . . . . . . . . . Retrieved Matter . | . . . . . . . . . . . . . . . . . . . . . . . . . . . . . Retrieved Components 29 | . 9 . 9 . . . 1 . . . . . . . . . . . 10 . . . . . . . . . Parts Scanalyzed 7 | . . . . . . . 6 . . . . . . . . . . . 1 . . . . . . . . . Part Schematics Acquired 7 | . . . . . . . 6 . . . . . . . . . . . 1 . . . . . . . . . Parts Damaged 2 | . . . . . . . 1 . . . . . . . . . . . 1 . . . . . . . . . Bothacking | -11 -10 -10 -9 -9 -9 -8 -8 -8 -7 -7 -6 -5 -5 -5 -5 -5 -5 -4 -4 -4 -4 -4 -3 -3 -3 -3 -2 -1 ------------ Run | Jun Mat Min Mat Min Exi Min Mat Sto Fac DSF Fac Fac Gar Fac Upp Upp Zhi Pro Fac Upp Upp War Pro Res Qua Sec Res Acc Used RIF Installer . | . . . . . . . . . . . . . . . . . . . . . . . . . . . . . Robots Hacked 2 | . . . . . . . . . . . . . . . . . . . . . . . . 1 . 1 . . Non-combat . | . . . . . . . . . . . . . . . . . . . . . . . . . . . . . Combat 1 | . . . . . . . . . . . . . . . . . . . . . . . . . . 1 . . Robot Hacks Applied 1 | . . . . . . . . . . . . . . . . . . . . . . . . . . 1 . . parse_system 1 | . . . . . . . . . . . . . . . . . . . . . . . . . . 1 . . Manual 1 | . . . . . . . . . . . . . . . . . . . . . . . . 1 . . . . Relay Couplers Released 9 | . . . . . . . 2 . . . . . . . . . . . . . . . . . . . 4 3 Machine Destruction 9 | . . . . . . . 2 . . . . . . . . . . . . . . . . . . . 4 3 Fabnet Peak Effective % . | . . . . . . . . . . . . . . . . . . . . . . . . . . . . . Robots Rewired 9 | . . . . . . . . . . . . . 1 . . 2 . 2 . . . 4 . . . . . . Allies Hacked 2 | . . . . . . . . . . . . . . . . . . . . . . . 2 . . . . . Hacks Repelled . | . . . . . . . . . . . . . . . . . . . . . . . . . . . . . Allies | -11 -10 -10 -9 -9 -9 -8 -8 -8 -7 -7 -6 -5 -5 -5 -5 -5 -5 -4 -4 -4 -4 -4 -3 -3 -3 -3 -2 -1 -------- Run | Jun Mat Min Mat Min Exi Min Mat Sto Fac DSF Fac Fac Gar Fac Upp Upp Zhi Pro Fac Upp Upp War Pro Res Qua Sec Res Acc Total Allies 24 | . . . . 5 . . . 2 . . . . 3 3 . 2 . 2 2 . . 4 . 1 . . . . Largest Group 4 | . . . . 4 3 2 . 2 . . . . 2 3 . 2 . 2 2 . . 4 3 1 . . . . Highest-Rated Group 235 | . . . . 79 48 24 . 62 . . . . 175 116 . 58 . 95 95 . . 235 179 116 . . . . Highest-Rated Ally 116 | . . . . 31 24 16 . 31 . . . . 116 116 . 29 . 48 48 . . 65 65 116 . . . . Warlord Squad Rendezvous 5 | . . . . . . . . . . . . . . . . . . . 5 . . . . . . . . . Muscle 1 | . . . . . . . . . . . . . . . . . . . 1 . . . . . . . . . Geek 1 | . . . . . . . . . . . . . . . . . . . 1 . . . . . . . . . Ranger 1 | . . . . . . . . . . . . . . . . . . . 1 . . . . . . . . . Pyro 1 | . . . . . . . . . . . . . . . . . . . 1 . . . . . . . . . Ghost 1 | . . . . . . . . . . . . . . . . . . . 1 . . . . . . . . . Total Orders 24 | . . . . . . . . . . . . . . 5 6 2 . 9 2 . . . . . . . . . STAY 1 | . . . . . . . . . . . . . . . 1 . . . . . . . . . . . . . EXPLORE 17 | . . . . . . . . . . . . . . 5 3 2 . 5 2 . . . . . . . . . RETURN 6 | . . . . . . . . . . . . . . . 2 . . 4 . . . . . . . . . . Ally Attacks 213 | . . . . 30 . 6 . 17 . . . . 32 60 . 14 . . 5 . . 13 8 28 . . . . Total Damage 6030 | . . . . 332 . 46 . 273 . . . . 1151 1797 . 182 . . 132 . . 677 212 1228 . . . . Kills 34 | . . . . 6 . . . 2 . . . . 2 10 . 1 . . 1 . . 4 3 5 . . . . Allies Corrupted 1 | . . . . . . . . . . . . . . . . . . . . . . . 1 . . . . . Allies Melted 2 | . . . . . . . . . . . . . 1 . . . . . . . . . . . . . 1 . Intel | -11 -10 -10 -9 -9 -9 -8 -8 -8 -7 -7 -6 -5 -5 -5 -5 -5 -5 -4 -4 -4 -4 -4 -3 -3 -3 -3 -2 -1 ------- Run | Jun Mat Min Mat Min Exi Min Mat Sto Fac DSF Fac Fac Gar Fac Upp Upp Zhi Pro Fac Upp Upp War Pro Res Qua Sec Res Acc Robot Analysis Total 15 | . 5 . 2 . . . 3 . . . . . . . . . 4 . 1 . . . . . . . . . Derelict Logs Recovered 12 | . . 1 . 2 . . . . . . . . . . 3 2 . 2 . 2 . . . . . . . . Drone Launches 17 | . . . . . . . . . . . . . . 5 2 2 . 6 2 . . . . . . . . . Drone Recoveries 12 | . . . . . . . . . . . . . . 4 2 1 . 5 . . . . . . . . . . Exploration | -11 -10 -10 -9 -9 -9 -8 -8 -8 -7 -7 -6 -5 -5 -5 -5 -5 -5 -4 -4 -4 -4 -4 -3 -3 -3 -3 -2 -1 ------------- Run | Jun Mat Min Mat Min Exi Min Mat Sto Fac DSF Fac Fac Gar Fac Upp Upp Zhi Pro Fac Upp Upp War Pro Res Qua Sec Res Acc Turns Passed 43349 | 43 1180 690 3352 1234 402 1531 2578 671 7 315 1208 981 2306 1510 1416 1719 455 1753 1923 2165 1342 1141 1007 1377 6118 3043 859 1023 Spaces Moved 22391 | 18 557 413 1278 573 192 675 831 278 5 108 487 391 859 572 501 563 189 600 3645 1216 780 665 591 565 2656 1164 566 1453 Core 2 | . . . . . . . . . . . . . . . . . . . . . . . . . . . . 2 Treads 12358 | . 479 413 16 . . . 517 1 . 52 185 391 648 293 501 563 189 600 168 1216 780 665 591 565 2656 869 . . Legs 878 | 18 78 . . . . . . . . . . . . . . . . . . . . . . . . 146 566 70 Wheels 4286 | . . . 1262 573 192 675 314 277 5 56 302 . 211 279 . . . . . . . . . . . 140 . . Hover 1367 | . . . . . . . . . . . . . . . . . . . . . . . . . . . . 1367 Flight 3477 | . . . . . . . . . . . . . . . . . . . 3477 . . . . . . . . . Fastest Speed 25 | 120 120 160 160 210 210 210 210 150 150 150 150 160 160 125 160 160 160 160 25 154 154 154 154 148 160 120 110 34 Average Speed 149 | 120 154 160 210 210 210 210 231 150 150 202 164 160 202 199 160 228 209 184 34 154 154 154 154 152 199 172 113 41 Slowest Speed 560 | 120 160 160 560 210 210 210 242 240 150 400 210 160 560 325 165 240 240 240 165 154 154 154 154 160 253 335 180 253 Overloaded Moves . | . . . . . . . . . . . . . . . . . . . . . . . . . . . . . Propulsion Burnouts . | . . . . . . . . . . . . . . . . . . . . . . . . . . . . . Robots Hopped 17 | . . . . . . . . . . . . . . . . . . . 17 . . . . . . . . . Cave-ins Triggered 2 | . . . . . . . . . . . . . 1 . . . . . . . . . . . . . . 1 Teleports 2 | . . . . . . . . . . . . . . . . . . . . . . . . . . 2 . . Spacefolds 9 | . . . . . . . . . . . . . . . . . . . . . . . . . . 4 . 5 Exploration Rate (%) 67 | 3 91 90 94 98 58 100 68 55 . 77 22 17 92 31 98 97 60 97 50 95 81 93 73 25 95 64 19 45 Regions Visited 28 Branch Regions 15 Pre-discovered Areas 8 | . . . . 2 1 . . . . . . . . . 1 . 3 . . 1 . . . . . . . . Known Exits Taken 14 | . . . 1 . . . 1 . 1 . . 1 . 1 . . . . 1 1 1 1 1 1 1 1 1 . Unknown Exits Taken 12 | 1 1 1 . 1 1 1 . 1 . . 1 . . . 1 1 1 1 . . . . . . . . . . Scrap Searched 22 | . . 2 . 1 . 1 . . . . . . . . 4 3 . 4 . 2 2 . 3 . . . . . Spaces Dug 333 | . . . 12 . . 11 3 . . . 10 2 66 25 . . . . 70 14 1 6 3 14 8 39 7 42 Terrain Destroyed 1653 | . 2 . 50 . . 31 168 73 . . 122 20 169 75 32 35 . 47 165 34 3 7 41 128 21 224 43 163 Melee 66 | . . . . . . . . . . . . . . . . . . . 66 . . . . . . . . . Projectile 597 | . . . . . . . 12 1 . . 3 8 53 46 11 35 . 47 17 9 2 7 19 93 21 133 14 66 AOE 979 | . 2 . 50 . . 31 156 72 . . 119 11 108 29 21 . . . 81 25 . . 22 35 . 91 29 97 Terrain Rammed 1 | . . . . . . . . . . . . . . . . . . . 1 . . . . . . . . . Walls Destroyed 1 | . . . . . . . . . . . . . . . . . . . 1 . . . . . . . . . Machines Disabled . | . . . . . . . . . . . . . . . . . . . . . . . . . . . . . Actions | -11 -10 -10 -9 -9 -9 -8 -8 -8 -7 -7 -6 -5 -5 -5 -5 -5 -5 -4 -4 -4 -4 -4 -3 -3 -3 -3 -2 -1 --------- Run | Jun Mat Min Mat Min Exi Min Mat Sto Fac DSF Fac Fac Gar Fac Upp Upp Zhi Pro Fac Upp Upp War Pro Res Qua Sec Res Acc Total 29836 | 26 770 426 1723 592 191 730 1203 431 5 175 782 661 1178 802 1085 948 244 1169 4197 1448 904 763 657 909 3408 1902 746 1761 Wait 3792 | . 106 . 214 6 . 20 97 24 . . 182 187 66 20 534 316 . 462 183 145 106 20 27 119 470 362 30 96 Move 22314 | 17 556 412 1277 572 191 674 830 277 4 107 486 391 855 571 500 562 188 599 3611 1215 779 664 590 564 2655 1159 565 1443 Hop 16 | . . . . . . . . . . . . . . . . . . . 16 . . . . . . . . . Pick Up 376 | . 15 . 25 3 . 1 20 7 . 11 13 10 19 22 8 3 8 3 79 7 . 8 3 21 27 33 15 15 Fast Attach 291 | 1 1 1 13 . . . 8 3 . 1 7 2 18 22 . 5 11 2 29 1 . 9 1 10 55 19 32 40 Attach 206 | . 3 . 4 . . 1 20 1 1 6 8 4 13 11 7 2 1 2 25 . . . 1 11 11 42 9 23 Detach 66 | . . 1 3 . . . 4 . . . . . 2 3 1 1 1 1 16 . . . . 3 5 9 7 9 Swap 403 | . 8 . 27 1 . 2 34 18 . 5 15 13 18 37 6 6 4 13 29 15 9 5 12 28 32 45 12 9 Drop 510 | . 11 1 39 3 . 1 24 17 . 8 7 8 13 31 6 8 17 3 87 9 . 20 2 28 81 12 32 42 Fire 1628 | 8 62 8 121 7 . 31 164 82 . 33 64 45 144 84 23 31 14 46 24 56 10 17 21 122 71 213 44 83 Melee 108 | . . . . . . . . . . . . . 2 . . 1 . . 97 . . 1 . . 1 5 . 1 Ram 3 | . . . . . . . . 1 . . . . . . . . . . 1 . . . . . . 1 . . Kick 4 | . 3 . . . . . . . . . . . . . . . . . . . . . . . . 1 . . Crush 16 | . 5 1 . . . . 2 1 . . . 1 1 1 . . . . . . . . . 3 . 1 . . Escape Stasis 31 | . . . . . . . . . . 4 . . 27 . . . . . . . . . . . . . . . Rewire 70 | . . . . . . . . . . . . . . . . 13 . 38 . . . 19 . . . . . . Trap 2 | . . 2 . . . . . . . . . . . . . . . . . . . . . . . . . . Miscellaneous . | . . . . . . . . . . . . . . . . . . . . . . . . . . . . . Route ------- -11/Junkyard -10/Materials (discovered 4 exits: *Mat x3 / [*Min]) -10/Mines (discovered 2 exits: *Mat x2) -9/Materials (discovered 4 exits: *Mat x3 / *Min) -9/Mines (discovered 3 exits: *Mat x2 / *Exi) -9/Exiles (discovered 2 exits: [*Min x2]) -8/Mines (discovered 2 exits: *Mat x2) -8/Materials (discovered 3 exits: *Fac / *Sto x2) -8/Storage -7/Factory -7/DSF -6/Factory (discovered 2 exits: *Fac / [*Low]) -5/Factory -5/Garrison (discovered 3 exits: *Fac x3) -5/Factory (discovered 3 exits: *Fac / *Upp x2) -5/Upper Caves -5/Upper Caves (discovered 2 exits: *Fac / *Zhi) -5/Zhirov -4/Proximity Caves -4/Factory (discovered 5 exits: *Res x2 / *Upp x2 / Arm) -4/Upper Caves -4/Upper Caves (discovered 2 exits: *Res / *War) -4/Warlord -3/Proximity Caves -3/Research (discovered 3 exits: *Res / *Qua x2) -3/Quarantine (discovered 2 exits: *Res / *Sec) -3/Section 7 -2/Research -1/Access Tau Ceti IV Orbit History --------- Turn | Location | Event 22 | -11/Junkyard | Discovered new exit (range 3) 44 | -11/Junkyard | Entered Materials 164 | -10/Materials | Destroyed 8 combat bots 308 | -10/Materials | Build established: Mutant 428 | -10/Materials | Discovered new exit (range 10) 532 | -10/Materials | Discovered new exit (range 8) 690 | -10/Materials | Discovered new exit (range 4) 950 | -10/Materials | Discovered new exit (range 11) 969 | -10/Materials | Central database locked down 1224 | -10/Materials | Entered Mines 1336 | -10/Mines | Found a hidden stash of uninstalled traps 1398 | -10/Mines | Discovered new exit (range 5) 1531 | -10/Mines | Learned Materials garrison access intel 1871 | -10/Mines | Discovered new exit (range 14) 1914 | -10/Mines | Entered Materials 1914 | -9/Materials | Evolved 2 slots: Propulsion x1, Utility x1 2256 | -9/Materials | Repaired Lgt. Armor Plating 2342 | -9/Materials | Discovered new exit (range 16) 2948 | -9/Materials | Central database locked down 3467 | -9/Materials | Repaired Hvy. Ion Engine 3501 | -9/Materials | Repaired Arm. Wheel 3528 | -9/Materials | Repaired Lgt. Treads 3543 | -9/Materials | Discovered new exit (range 13) 3775 | -9/Materials | Discovered new exit (range 16) 4631 | -9/Materials | Discovered new exit (range 4) 4800 | -9/Materials | Identified exit to Mines 5266 | -9/Materials | Entered Mines 5270 | -9/Mines | Met a Derelict bent on vengeance 5327 | -9/Mines | Assisted by bots powering up and referring to "LRC-V3" 5334 | -9/Mines | Learned location of Storage (-8) 5437 | -9/Mines | Deemed a non-threat by the Exiles lab entrance 5508 | -9/Mines | A weapon hastily lodged in a ceiling crevice suddenly fell to the ground 5965 | -9/Mines | Discovered new exit (range 14) 6157 | -9/Mines | Found a damaged Exp. Sensor Array with a note attached 6169 | -9/Mines | Found Prototype Device 6206 | -9/Mines | Discovered new exit (range 14) 6487 | -9/Mines | Discovered new exit (range 5) 6500 | -9/Mines | Entered Exiles 6500 | -9/Exiles | Accompanied by 3 allies 6532 | -9/Exiles | Discovered new exit (range 15) 6551 | -9/Exiles | Met 8R-AWN 6587 | -9/Exiles | Met EX-HEX 6727 | -9/Exiles | Met EX-DEC 6771 | -9/Exiles | Learned location of Zion (-7) 6878 | -9/Exiles | Discovered new exit (range 14) 6902 | -9/Exiles | Entered Mines 6902 | -8/Mines | Accompanied by 2 allies 7094 | -8/Mines | Discovered new exit (range 8) 7159 | -8/Mines | Discovered new exit (range 5) 8433 | -8/Mines | Entered Materials 8433 | -8/Materials | Evolved 2 slots: Propulsion x1, Utility x1 8434 | -8/Materials | Loaded intel: 1 garrison access location 9053 | -8/Materials | Identified Exp. Sensor Array 9311 | -8/Materials | Identified exit to Storage 9448 | -8/Materials | Build established: Scavenger-Mutant 9995 | -8/Materials | Discovered new exit (range 13) 10083 | -8/Materials | Lost 8 parts (1p3n2u2w) 10433 | -8/Materials | First assault squad dispatched 10481 | -8/Materials | Garrison activated, responded to threat 10586 | -8/Materials | Sterilization system engaged 10586 | -8/Materials | Non-combat units ordered to evacuate 10606 | -8/Materials | Destroyed 9 combat bots 10686 | -8/Materials | Combat units ordered to evacuate 10886 | -8/Materials | Ambient heat levels rising (+10) 11011 | -8/Materials | Entered Storage 11202 | -8/Storage | Met a pair of Derelict thieves 11305 | -8/Storage | Destroyed 12 combat bots 11332 | -8/Storage | Core integrity fell below 50% 11411 | -8/Storage | First assault squad dispatched 11654 | -8/Storage | Discovered new exit (range 8) 11682 | -8/Storage | Entered Factory 11682 | -7/Factory | Evolved 2 slots: Utility x1, Weapon x1 11689 | -7/Factory | Identified exit to DSF 11689 | -7/Factory | Entered DSF 11729 | -7/DSF | Additional patrols routed to DSF 11786 | -7/DSF | Lost 5 parts (1n4u) 11909 | -7/DSF | Sterilization system engaged 11929 | -7/DSF | Ambient heat levels rising (+10) 11944 | -7/DSF | Ambient heat levels rising (+10) 11959 | -7/DSF | Ambient heat levels rising (+10) 11967 | -7/DSF | Discovered new exit (range 16) 11974 | -7/DSF | Ambient heat levels rising (+10) 11989 | -7/DSF | Ambient heat levels rising (+10) 12004 | -7/DSF | Ambient heat levels rising (+10) 12004 | -7/DSF | Entered Factory 12004 | -6/Factory | Evolved 2 slots: Propulsion x1, Utility x1 12142 | -6/Factory | Build established: Mutant 12405 | -6/Factory | Destroyed 7 combat bots 12475 | -6/Factory | Fabricated Dispersion Rifle (x2) 12531 | -6/Factory | Spotted B-75 Beast 12668 | -6/Factory | Lost 8 parts (1p4n2u1w) 13052 | -6/Factory | Discovered new exit (range 13) 13117 | -6/Factory | Discovered new exit (range 19) 13212 | -6/Factory | Entered another Factory area 13212 | -5/Factory | Evolved 2 slots: Propulsion x1, Utility x1 13416 | -5/Factory | Hacking Suite fried by hacking feedback 13456 | -5/Factory | Build established: Tank 13841 | -5/Factory | Build established: Mutant 13979 | -5/Factory | Fabricated Rocket Launcher (x1) 14193 | -5/Factory | Identified exit to Garrison 14193 | -5/Factory | Entered Garrison 14218 | -5/Garrison | Triggered checkpoint 14354 | -5/Garrison | Triggered checkpoint 14361 | -5/Garrison | Build established: Tank 14363 | -5/Garrison | Spotted B-75 Beast 14455 | -5/Garrison | Triggered checkpoint 14506 | -5/Garrison | Lost 3 parts (1n1u1w) 14630 | -5/Garrison | Discovered new exit (range 19) 14669 | -5/Garrison | Triggered checkpoint 14923 | -5/Garrison | Crushed by falling debris 15001 | -5/Garrison | Discovered new exit (range 12) 15048 | -5/Garrison | Triggered checkpoint 15070 | -5/Garrison | Lost 6 parts (5n1u) 15289 | -5/Garrison | Attempted to access garrison exit controls, blocked by remote lockdown 15369 | -5/Garrison | Triggered checkpoint 15412 | -5/Garrison | Lost 3 parts (1p1n1u) 15421 | -5/Garrison | Build established: Scavenger-Mutant 15522 | -5/Garrison | Triggered checkpoint 15660 | -5/Garrison | Found embedded Infiltrators 15795 | -5/Garrison | Discovered new exit (range 10) 15803 | -5/Garrison | Spotted B-75 Beast 15869 | -5/Garrison | Destroyed B-75 Beast 15908 | -5/Garrison | Rewired B-86 Titan 16067 | -5/Garrison | Attempted to access garrison exit controls, blocked by remote lockdown 16223 | -5/Garrison | Allies destroyed B-75 Beast 16254 | -5/Garrison | Triggered checkpoint 16499 | -5/Garrison | Entered Factory 16499 | -5/Factory | Accompanied by 1 ally 16799 | -5/Factory | First assault squad dispatched 17028 | -5/Factory | Lost 5 parts (1p2n1u1w) 17127 | -5/Factory | Identified exit to Upper Caves 17208 | -5/Factory | Lost 3 parts (2n1u) 17277 | -5/Factory | Spotted B-75 Beast 17682 | -5/Factory | Lost 3 parts (2n1u) 17778 | -5/Factory | Discovered new exit (range 40) 17832 | -5/Factory | Allied Derelicts emerged from ambush trap array 18009 | -5/Factory | Entered Upper Caves 18074 | -5/Upper Caves | Attracted the attention of an 0b10 outpost 18087 | -5/Upper Caves | Core integrity fell below 50% 18132 | -5/Upper Caves | Lost 4 parts (3u1w) 18134 | -5/Upper Caves | Destroyed 13 combat bots 18137 | -5/Upper Caves | Met a Warlord Commander 18138 | -5/Upper Caves | Learned location of Warlord (-4) 18139 | -5/Upper Caves | Found Encrypted Comm Array 18164 | -5/Upper Caves | Learned Factory trap positions 18208 | -5/Upper Caves | Learned 4 Factory zone layouts 18309 | -5/Upper Caves | Discovered new exit (range 92) 18365 | -5/Upper Caves | Build established: Mutant 18781 | -5/Upper Caves | Build established: Gunner 18828 | -5/Upper Caves | Learned Factory stockpile data 19425 | -5/Upper Caves | Entered another Upper Caves area 19434 | -5/Upper Caves | Attracted the attention of an 0b10 outpost 19620 | -5/Upper Caves | Discovered new exit (range 43) 20027 | -5/Upper Caves | Learned Factory garrison access intel 20148 | -5/Upper Caves | Build established: Tank 20343 | -5/Upper Caves | Found Alien Artifact 20343 | -5/Upper Caves | Identified Dimensional Node Initializer 20343 | -5/Upper Caves | Initialized slip node 20631 | -5/Upper Caves | Build established: Mutant 20953 | -5/Upper Caves | Discovered new exit (range 5) 21144 | -5/Upper Caves | Entered Zhirov 21144 | -5/Zhirov | Discovered new exit (range 3) 21188 | -5/Zhirov | Met Zhirov 21240 | -5/Zhirov | Learned location of Quarantine (-3) 21240 | -5/Zhirov | Learned location of Testing (-2) 21240 | -5/Zhirov | Learned location of Command (-1) 21255 | -5/Zhirov | Zhirov requested help retrieving the SGEMP Prototype 21294 | -5/Zhirov | Found Alien Artifact 21294 | -5/Zhirov | Identified Integrated Dissipator 21294 | -5/Zhirov | Installed Integrated Dissipator, increased core heat dissipation (+20) 21325 | -5/Zhirov | Found Alien Artifact 21346 | -5/Zhirov | Build established: Derelict-Gunner 21599 | -5/Zhirov | Entered Proximity Caves 21921 | -4/Proximity Caves | Build established: Gunner 22181 | -4/Proximity Caves | Learned Research stockpile data 22312 | -4/Proximity Caves | Build established: Derelict-Gunner 22709 | -4/Proximity Caves | Learned Research stockpile data 22877 | -4/Proximity Caves | Discovered new exit (range 41) 23113 | -4/Proximity Caves | Build established: Gunner 23352 | -4/Proximity Caves | Entered Factory 23352 | -4/Factory | Accompanied by 2 allies 23352 | -4/Factory | Evolved 2 slots: Power x1, Utility x1 23353 | -4/Factory | Identified exit to Armory 23354 | -4/Factory | Loaded intel: 72 trap records 23356 | -4/Factory | Loaded intel: 4 garrison access locations 23411 | -4/Factory | Joined by Warlord Ghost squad 23444 | -4/Factory | Discovered new exit (range 36) 23641 | -4/Factory | Identified exit to Upper Caves 23652 | -4/Factory | Joined by Warlord Pyro squad 23860 | -4/Factory | Discovered new exit (range 5) 23866 | -4/Factory | Joined by Warlord Ranger squad 24003 | -4/Factory | Discovered new exit (range 9) 24078 | -4/Factory | Fabricated Exp. Sensor Array? 24080 | -4/Factory | Spotted B-86 Titan 24092 | -4/Factory | Joined by Warlord Muscle squad 24183 | -4/Factory | Joined by Warlord Geek squad 24212 | -4/Factory | Lost 4 parts (1p3u) 24289 | -4/Factory | Repaired Broken Hvy. Treads? 24462 | -4/Factory | Adv. Hacking Suite fried by hacking feedback 24602 | -4/Factory | Search patrols dispatched 24771 | -4/Factory | Found Prototype Slashing Weapon 24771 | -4/Factory | Identified Vibroblade 24838 | -4/Factory | Build established: Sprinter 25102 | -4/Factory | Search patrols dispatched 25275 | -4/Factory | Entered Upper Caves 25406 | -4/Upper Caves | Learned Research security intel 25488 | -4/Upper Caves | Build established: Tank 26049 | -4/Upper Caves | Build established: Mutant 26184 | -4/Upper Caves | Destroyed 7 combat bots 26293 | -4/Upper Caves | Learned Extension terminal intel 26293 | -4/Upper Caves | Learned Research security intel 26293 | -4/Upper Caves | Learned Factory stockpile data 26326 | -4/Upper Caves | Attracted the attention of an 0b10 base 26523 | -4/Upper Caves | Discovered new exit (range 15) 26622 | -4/Upper Caves | Build established: Tank 27439 | -4/Upper Caves | Identified exit to Upper Caves 27440 | -4/Upper Caves | Entered another Upper Caves area 27441 | -4/Upper Caves | Identified exit to Warlord 27603 | -4/Upper Caves | Discovered new exit (range 8) 27612 | -4/Upper Caves | Identified exit to Research 27799 | -4/Upper Caves | Encountered a Warlord checkpoint 28558 | -4/Upper Caves | Attracted the attention of an 0b10 checkpoint 28782 | -4/Upper Caves | Entered Warlord 29265 | -4/Warlord | Build established: Commander-Mutant 29323 | -4/Warlord | Met Warlord 29334 | -4/Warlord | Warlord's base attacked by MAIN.C 29364 | -4/Warlord | Found Prototype Device 29364 | -4/Warlord | Identified Exp. Cloaking Device 29372 | -4/Warlord | Found Prototype Processor 29372 | -4/Warlord | Identified Spectral Analyzer 29391 | -4/Warlord | Found Prototype Reactor 29391 | -4/Warlord | Identified Vortex Chain Reactor 29542 | -4/Warlord | Found Prototype Launcher 29545 | -4/Warlord | Found Prototype Energy Gun 29545 | -4/Warlord | Identified Vortex Rifle 29627 | -4/Warlord | Build established: Commander-Assassin 29684 | -4/Warlord | Warlord forces counterattacked 29838 | -4/Warlord | Spotted Striker 29838 | -4/Warlord | Spotted Striker 29848 | -4/Warlord | Destroyed Striker 29881 | -4/Warlord | Discovered new exit (range 22) 29915 | -4/Warlord | Identified exit to Proximity Caves 29923 | -4/Warlord | Entered Proximity Caves 29923 | -3/Proximity Caves | Accompanied by 3 allies 30325 | -3/Proximity Caves | Build established: Skirmisher 30625 | -3/Proximity Caves | Received a Behemoth hack from an annoying Tinkerer 30892 | -3/Proximity Caves | Discovered exit to Research (range 19) 30930 | -3/Proximity Caves | Entered Research 30930 | -3/Research | Evolved 2 slots: Utility x2 31117 | -3/Research | Found Prototype Processor 31117 | -3/Research | Identified Exp. Targeting Computer 31381 | -3/Research | Identified exit to Quarantine 31554 | -3/Research | Discovered new exit (range 14) 31628 | -3/Research | Identified exit to Research 31759 | -3/Research | System corruption reached 10% 31853 | -3/Research | Destroyed 7 combat bots 31858 | -3/Research | Found Fusion Bomb Launcher 31872 | -3/Research | Garrison activated, responded to threat 31969 | -3/Research | First assault squad dispatched 31989 | -3/Research | Spotted B-86 Titan 32111 | -3/Research | Befriended a Behemoth using the annoying Tinkerer's hack 32307 | -3/Research | Entered Quarantine 32345 | -3/Quarantine | Found Alien Artifact 32345 | -3/Quarantine | Identified Core Reset Matrix 32345 | -3/Quarantine | Identified Transdimensional Reconstructor 32345 | -3/Quarantine | Used Core Reset Matrix 32349 | -3/Quarantine | Detected hypermatrix surge 32349 | -3/Quarantine | Sensed 13 artifacts in vicinity 32429 | -3/Quarantine | Cryocooling Duct disabled 32444 | -3/Quarantine | Ambient heat levels rising (+20) 32444 | -3/Quarantine | Non-combat units ordered to evacuate 32514 | -3/Quarantine | Cryocooling Duct disabled 32529 | -3/Quarantine | Ambient heat levels rising (+20) 32529 | -3/Quarantine | Combat units ordered to evacuate 32629 | -3/Quarantine | Quarantine Guard activated 32666 | -3/Quarantine | Found Core Stripper 32692 | -3/Quarantine | Spotted Quarantine Guard 32731 | -3/Quarantine | Build established: Mutant 32829 | -3/Quarantine | Spotted Quarantine Guard 32937 | -3/Quarantine | Destroyed Quarantine Guard 33104 | -3/Quarantine | Spotted Quarantine Guard 33110 | -3/Quarantine | Destroyed Quarantine Guard 33211 | -3/Quarantine | Spotted Quarantine Guard 33229 | -3/Quarantine | Destroyed Quarantine Guard 33545 | -3/Quarantine | Spotted Quarantine Guard 33581 | -3/Quarantine | Destroyed Quarantine Guard 33888 | -3/Quarantine | Spotted Quarantine Guard 33995 | -3/Quarantine | Spotted Quarantine Guard 34015 | -3/Quarantine | Destroyed Quarantine Guard 34060 | -3/Quarantine | Found Prototype Device 34060 | -3/Quarantine | Identified Adv. EM Disruption Field 34121 | -3/Quarantine | Spotted Quarantine Guard 34165 | -3/Quarantine | Found Phase Armor 34208 | -3/Quarantine | Destroyed Quarantine Guard 34230 | -3/Quarantine | Discovered exit to Research (range 18) 34230 | -3/Quarantine | Spotted Quarantine Guard 34258 | -3/Quarantine | Destroyed Quarantine Guard 34268 | -3/Quarantine | Spotted Alpha 7 34326 | -3/Quarantine | Found Prototype Processor 34326 | -3/Quarantine | Identified Exp. Signal Interpreter 34446 | -3/Quarantine | Destroyed Quarantine Guard 34478 | -3/Quarantine | Build established: Alien-Mutant 34496 | -3/Quarantine | Spotted Quarantine Guard 34525 | -3/Quarantine | Repaired Corrupted Adv. Cooling System? 34757 | -3/Quarantine | Spotted Fortress 34767 | -3/Quarantine | Destroyed Fortress 34792 | -3/Quarantine | Destroyed Quarantine Guard 34803 | -3/Quarantine | Found Prototype Device 34803 | -3/Quarantine | Identified Exp. EM Disruption Field 34807 | -3/Quarantine | Found Prototype Device 34807 | -3/Quarantine | Identified Thermal Barrier 34810 | -3/Quarantine | Found Prototype Device 34810 | -3/Quarantine | Identified Exp. Force Field 34827 | -3/Quarantine | Found Prototype Reactor 34827 | -3/Quarantine | Identified Vortex Chain Reactor 34830 | -3/Quarantine | Found Vortex Chain Reactor 34835 | -3/Quarantine | Found Unknown Device 34835 | -3/Quarantine | Identified Antimissile System 35052 | -3/Quarantine | Build established: Alien-Skirmisher 35486 | -3/Quarantine | Met incapacitated Sigix Warrior 35486 | -3/Quarantine | Lockdown squad dispatched 35496 | -3/Quarantine | Acquired the access code to the Sigix quarantine chamber 35501 | -3/Quarantine | Unlocked Sigix quarantine chamber 35584 | -3/Quarantine | Spotted Lightning 35589 | -3/Quarantine | Spotted Lightning 35590 | -3/Quarantine | Spotted Lightning 35595 | -3/Quarantine | Destroyed Lightning 35602 | -3/Quarantine | Destroyed Lightning 35769 | -3/Quarantine | Build established: Alien-Tank 35798 | -3/Quarantine | Destroyed Lightning 35943 | -3/Quarantine | Found Prototype Device 35943 | -3/Quarantine | Identified Exp. Phase Shifter 36037 | -3/Quarantine | Identified Vortex Catalyst Activator 36186 | -3/Quarantine | Found Exp. EM Disruption Field 36484 | -3/Quarantine | Build established: Alien-Skirmisher 36973 | -3/Quarantine | Destroyed Quarantine Guard 37928 | -3/Quarantine | Found Dimensional Node Initializer 38180 | -3/Quarantine | Discovered new exit (range 17) 38180 | -3/Quarantine | Spotted Quarantine Guard 38198 | -3/Quarantine | Destroyed Quarantine Guard 38418 | -3/Quarantine | Identified exit to Section 7 38425 | -3/Quarantine | Entered Section 7 38426 | -3/Section 7 | Sensed 19 artifacts in vicinity 38463 | -3/Section 7 | Build established: Alien-Mutant 38560 | -3/Section 7 | Found Integrated Reactor 38560 | -3/Section 7 | Installed Integrated Reactor, increased core energy generation (+10) 39210 | -3/Section 7 | Spotted B-86 Titan 39241 | -3/Section 7 | Destroyed B-86 Titan 39328 | -3/Section 7 | Destroyed 14 combat bots 39359 | -3/Section 7 | Initialized slip node 39425 | -3/Section 7 | First assault squad dispatched 39519 | -3/Section 7 | Spotted S7 Guard 39529 | -3/Section 7 | Found Integrated Thermoelectric Network 39533 | -3/Section 7 | Installed Integrated Thermoelectric Network, gained heat-energy exchange potential 39624 | -3/Section 7 | Spotted Alpha 7 39655 | -3/Section 7 | Spotted S7 Guard 39682 | -3/Section 7 | Spotted Alpha 7 39703 | -3/Section 7 | Destroyed S7 Guard 39717 | -3/Section 7 | Destroyed S7 Guard 40139 | -3/Section 7 | Destroyed Alpha 7 40157 | -3/Section 7 | Found Antimissile System 40208 | -3/Section 7 | Spotted B-99 Colossus 40235 | -3/Section 7 | Warped through subspace to slip node 40573 | -3/Section 7 | Found Spacefold Activator 40922 | -3/Section 7 | Lost 6 parts (1p2n3u) 40936 | -3/Section 7 | Destroyed 9 combat bots 40938 | -3/Section 7 | Core integrity fell below 50% 40974 | -3/Section 7 | Lost 9 parts (2n5u2w) 41111 | -3/Section 7 | Destroyed 9 combat bots 41203 | -3/Section 7 | Spotted Executioner 41203 | -3/Section 7 | Spotted Executioner 41231 | -3/Section 7 | High security lockdown imminent 41231 | -3/Section 7 | Destroyed Executioner 41250 | -3/Section 7 | Destroyed Executioner 41280 | -3/Section 7 | Lost 8 parts (1p4n1u2w) 41311 | -3/Section 7 | High security lockdown engaged 41338 | -3/Section 7 | Found Transdimensional Reconstructor 41348 | -3/Section 7 | Core integrity fell below 20% 41348 | -3/Section 7 | Found Matter Drive 41412 | -3/Section 7 | Spotted Executioner 41412 | -3/Section 7 | Spotted Executioner 41451 | -3/Section 7 | Warped through subspace to slip node 41468 | -3/Section 7 | Entered Research 41468 | -2/Research | Warlord forces began assault on 0b10 41468 | -2/Research | Evolved 2 slots: Propulsion x1, Utility x1 41493 | -2/Research | Distinguished unit "Vikings" dispatched to help 41497 | -2/Research | Lost 4 parts (1p3n) 41578 | -2/Research | Research machine network offline 41696 | -2/Research | Found Unknown Device 41696 | -2/Research | Identified Quantum Capacitor 41766 | -2/Research | Borebot progress halted 41784 | -2/Research | Spotted Striker 41785 | -2/Research | Spotted Striker 41793 | -2/Research | Destroyed Striker 41803 | -2/Research | Destroyed Striker 41930 | -2/Research | Found Prototype Device 41930 | -2/Research | Identified Adv. Particle Accelerator 41987 | -2/Research | Found Prototype Launcher 41987 | -2/Research | Identified Point Singularity Launcher 42068 | -2/Research | Borebot progress halted 42096 | -2/Research | Build established: Scavenger-Mutant 42210 | -2/Research | Spotted Executioner 42231 | -2/Research | Spotted Executioner 42242 | -2/Research | Destroyed Executioner 42244 | -2/Research | Destroyed Executioner 42255 | -2/Research | Discovered new exit (range 9) 42303 | -2/Research | Destroyed 9 combat bots 42308 | -2/Research | Lost 4 parts (2n2u) 42318 | -2/Research | Spotted Striker 42318 | -2/Research | Spotted Executioner 42324 | -2/Research | Identified exit to Access 42327 | -2/Research | Entered Access 42327 | -1/Access | Evolved 2 slots: Power x1, Propulsion x1 42357 | -1/Access | Lost 4 parts (1n2u1w) 42436 | -1/Access | Lost 6 parts (4n1u1w) 42577 | -1/Access | First assault squad dispatched 42618 | -1/Access | Found Prototype Launcher 42618 | -1/Access | Identified Tactical Quantum Warhead 42633 | -1/Access | Found Prototype Device 42633 | -1/Access | Identified Beam Splitter 42692 | -1/Access | Found Prototype Device 42692 | -1/Access | Identified Exp. EM Disruption Field 42816 | -1/Access | Build established: Alien-Mutant 42948 | -1/Access | Spotted B-99 Colossus 42983 | -1/Access | Lost 4 parts (2n2u) 43011 | -1/Access | Energy Cycler disabled 43122 | -1/Access | Spotted B-99 Colossus 43178 | -1/Access | Lost 3 parts (1n1u1w) 43276 | -1/Access | Crushed by falling debris 43307 | -1/Access | Lost 3 parts (1p1n1u) 43325 | -1/Access | Spotted B-99 Colossus 43325 | -1/Access | Spotted B-99 Colossus 43347 | -1/Access | Discovered new exit (range 3) 43350 | *** | Destroyed 0b10! Last Messages --------------- 43336_ Penetrated by Slug. 43336_ Slug penetrates Wall. 43338_ B-99 Colossus activates siege mode. 43339_ Neutron Missile Launcher destroyed. 43339_ Penetrated by Slug. 43340_ Slug penetrates Reinforced Barrier. 43340_ Dropped Seismic Detector. 43343_ Enh. Nova Cannon destroyed. 43343_ Knocked back. 43343_ Penetrated by Slug. 43343_ Mic. Antimatter Reactor destroyed. 43343_ Slug penetrates Reinforced Barrier. 43343_ Slug penetrates Sealed Heavy Doors. 43343_ Lgt. Quantum Reactor destroyed. 43343_ Penetrated by Slug. 43343_ Slug penetrates Sealed Heavy Doors. 43343_ Adv. Transmission Jammer destroyed. 43346_ Spacefolded through Sealed Heavy Doors. 43347_ EXIT=FOUND 43347_ Spacefolded through Main Access Shell. Map ----- +----------------------------------------------------+ | ????????#??????????# [%% % # "" ## | | ????????# ????????# #### "" | | ????????# ##########""+########### | | ?????#### *## | | ???# #? | | ???? % #? | | ????##### #? | | ????????##+############ ? ##########+###########? | | ???????????????????####? " #???????????????????? | | ???????????????????# ##??????????????????? | | ???????????????????# #??????????????????? | | ???????????????????# % #??????????????????? | | ???????????????????# #??????????????????? | | ???????????????????# %!#??????????????????? | | ???????????????????# ?? ?? #??????????????????? | | ???????????????????# ?? ?? #?? ???????????# ?? | | ???????????????????# %#??????????????# ? | | ???????????????????#"""" " """#??????????????# | | ???????????????????????""" "?????????????????# | | ?????????????????????????"""?????????????????# | | ???????????????????#""""""""""#??????????????# | | ???????????????????# #??????????????# | | ???????????????????# """""" #????????## ######## | | ??????????????????????" "??#????????+ | | ??????????????????????" "" "???????????# | | ??????????????????????" "@ "???????????# ######## | | ??????????????????????" "?????????????????????? | | ??????????????????????""""""?????????????????????? | | ?????????????????????????????????????????????????? | | ?????????????????????????????????????????????????? | | ?????????????????????????????????????????????????? | | ?????????????????????????????????????????????????? | | ?????????????????????????????????????????????????? | | ?????????????????????????????????????????????????? | | ?????????????????????????????????????????????????? | | ?????????????????????????????????????????????????? | | ?????????????????????????????????????????????????? | | ?????????????????????????????????????????????????? | | ????????????????????????????????????????H????????? | | ?????????????????????????????????????????????????? | | ?????????????????????????????????????????????????? | | ?????????????????????????????????????????????????? | | ?????????????????????????????????????????????????? | | ?????????????????????????????????????????????????? | | ?????????????????????????????????????????????????# | | ?????????????????????????????????????????????????# | | ?????????????????????????????????????????????????# | | ?????????????????????????????????????????????????# | | ?????????????????????????????????????????????????# | | ?????????????????????????????????????????????????# | +----------------------------------------------------+ Best States ------------- Heat Dissipation 135 Energy Generation 73 Energy Capacity 1415 Matter Stores 404 Matter Capacity 800 Sight Range 24 Robot Scan Range 20 Terrain Scan Range 24 Terrain Scan Density 85 Jamming Range 16 Cloak Strength 4 Additional Mass Support 16 EM Shielding 4 Armor Coverage 1650 Resistance: TH 50 Resistance: EM 75 Propulsion Shielding 66 Utility Shielding 66 Point Defense Rating 240 Weapon Cycling 20 Phase Shifting 15 Evasion (%) 77 Targeting Accuracy 8 Recoil Reduction 6 Matter Filtering 50 Particle Charging 50 Kinecelleration 40 Offensive Hacking 24 Defensive Hacking 12 Authchip Count 1 Item Schematics ----------------- None Robot Schematics ------------------ None Fabricated ------------ Dispersion Rifle | x2 | -6/Factory | Preloaded Rocket Launcher | x1 | -5/Factory Exp. Sensor Array | x1 | -4/Factory | Authchip Alien Tech Used ----------------- Dimensional Node Initializer Integrated Dissipator Core Reset Matrix Phase Armor Core Stripper Integrated Reactor Integrated Thermoelectric Network Transdimensional Reconstructor Spacefold Activator Achievements -------------- Woof! Challenges ------------ None Game ------ Seed TargetingFlyingRipper Manual? 0 Play Time 09:50:04 Cumulative 947.5 hours Start 2023.02.14 @ 20:15:13 End 2023.02.17 @ 19:49:01 Sessions 15 Manual Loads 0 Difficulty Rogue Special Mode None Game No. 205 Rogue 173 Adventurer 31 Explorer 1 Win Type 3 Total 44 Types 30/0/6/7/0/0/1/0/0 Lore% 86 Gallery% 89 Achievement% 78 Wizard Run 0 Options --------- ASCII 0 Keyboard 0 Movement Arrows Keybinds 0 Fullscreen 1 Font 20/Terminus Map View 66x50 Tactical HUD 1 Map Filters NONE Filters NONE Steam 1 RUN: 4d438018-eea4-450a-8059-2e797d1d26ab